 Dungeon Sprint DCSS version 0.28-a0-925-gd5e1996cdb (webtiles) character file.

Game seed: 17920160613090414100

7533 gigimoi the Executioner (level 11, 0/166 HPs)
             Began as a Hill Orc Berserker on Nov 26, 2021.
             Was a High Priest of Trog.
             Slain by a red devil (15 damage)
             ... summoned by a kobold demonologist
             ... in the Dungeon (Sprint VII: "The Pits").
             The game lasted 00:06:50 (2505 turns).

gigimoi the Executioner (Hill Orc Berserker)        Turns: 2505, Time: 00:06:51

Health: 0/166      AC: 16    Str: 24    XL:     11   Next: 16%
Magic:  11/11      EV: 16    Int:  7    God:    Trog [*****.]
Gold:   0          SH:  0    Dex: 13    Spells: 10/10 levels left

rFire   . . .      SeeInvis .   m - +6 executioner's axe (vorpal)
rCold   . . .      Faith    .   (shield currently unavailable)
rNeg    . . .      Spirit   .   s - +4 chain mail
rPois   .          Reflect  .   (no helmet)
rElec   .          Harm     .   (no cloak)
rCorr   .          Rampage  .   (no gloves)
Will    ++...      NoTele   +   (no boots)
Stlth   ..........              (no amulet)
HPRegen 1.37/turn               p - +3 ring of dexterity
MPRegen 0.12/turn               r - +3 ring of evasion

@: berserking, lethally poisoned (0 -> -1), strong-willed, spiked, regenerating,
very quick
A: no striking features
a: Renounce Religion, Berserk, Trog's Hand, Brothers in Arms


You were in the Dungeon.
You worshipped Trog.
Trog was extremely pleased with you.
You visited 1 branch

Inventory:

Hand Weapons
 a - a +0 hand axe
 b - a +2 vorpal hand axe
 i - a +2 falchion of protection
 m - a +6 vorpal executioner's axe (weapon)
 o - a +5 vorpal battleaxe
Armour
 s - a +4 chain mail (worn)
Jewellery
 p - a +3 ring of dexterity (left hand)
 r - a +3 ring of evasion (right hand)
Scrolls
 h - a scroll of blinking
 k - a scroll of summoning
 l - 5 scrolls of amnesia
 n - 2 scrolls of vulnerability
Potions
 c - 7 potions of curing
 d - 8 potions of heal wounds
 e - 3 potions of haste
 f - 4 potions of magic
 g - 5 potions of berserk rage
 j - 2 potions of invisibility
 q - 2 potions of might


   Skills:
 + Level 14.7 Fighting
 - Level 2.1 Long Blades
 * Level 21.3 Axes
 + Level 13.4 Armour
 + Level 10.4 Dodging


You had 10 spell levels left.
You didn't know any spells.
Your spell library was empty.

Dungeon Overview and Level Annotations

Branches:
Dungeon (1/1)

Altars:
Ashenzari
Cheibriados
Dithmenos
Elyvilon
Fedhas
Gozag
Hepliaklqana
Kikubaaqudgha
Makhleb
Nemelex Xobeh
Okawaru
Qazlal
Ru
Sif Muna
Trog
Uskayaw
Vehumet
Wu Jian
Xom
Yredelemnul
Zin
The Shining One
Beogh
Jiyva
Lugonu


Message History

The cane toad barely misses you.
A red film seems to cover your vision as you go berserk!
You feel yourself moving faster!
You feel mighty!
You feel sick.
Your troll rages.
The red devil misses you. The orc knight closely misses you.
The cane toad stings you!
Your troll bites the cane toad!
Your troll barely misses the cane toad.
Your troll claws the cane toad but does no damage.
A komodo dragon comes into view.
You barely miss the cane toad.
The cane toad is heavily wounded.
You feel sick.
The komodo dragon hisses angrily.
The kobold demonologist gestures wildly while chanting.
The orc knight hits you from afar with a +0 glaive!
* * * LOW HITPOINT WARNING * * *
The red devil closely misses you. The cane toad barely misses you.
You slice the cane toad!!
You kill the cane toad!
Trog accepts your kill.
You feel sick.
The orc warrior hits your troll with a +0 dire flail!
You are too berserk!
You feel sick.
The iron imp disappears in a puff of smoke!
Your troll bites the orc warrior!
Your troll claws the orc warrior.
Your troll closely misses the orc warrior.
The orc knight hits you from afar with a +0 glaive!!
* * * LOW HITPOINT WARNING * * *
The red devil closely misses you.
The barbs in your skin will harm you if you move.
Continue?
Okay, then.
You feel a strong urge to attack something.
You feel sick.
Your troll closely misses the orc warrior. x3
The orc warrior closely misses your troll.
The orc knight hits you from afar with a +0 glaive!
* * * LOW HITPOINT WARNING * * *
The red devil hits you from afar with a +0 trident!
You die...

'###### '##############
#####
.....#...'....###...#
...###...###...#...##
..##.'...'.##.....####
.##..##'##..##...##..##.
.#..##...##..+...#K4....
.#..#.....#..#...#o4K.#.
.'..'.....'..÷.÷@ToKol..
.#..#.....#..#.).#4455#.
.#..##...##..+)..#.KZ...
.##..##'##..##...##..##.
÷÷##.))..+.##.....####
...###...###...#...#
.....#...))...###...#
############### ####


You could see an orc knight, a komodo dragon, an ice devil (summoned), a kobold
demonologist, a chaos spawn (summoned), 2 red devils, 2 orc warriors, 2 white
imps, a quokka zombie, 2 kobolds and a friendly troll (summoned, berserk).

Vanquished Creatures
  A sea snake (D)
  A phantasmal warrior (D)
  A black mamba (D)
  A gargoyle (D)
  A cane toad (D)
  A rime drake (D)
  A blink frog (D)
  A wyvern (D)
  4 vampire mosquitoes (D)
  Pargi (D)
  A sky beast (D)
  A centaur (D)
  2 kobold brigands (D)
  A small abomination (D)
  A hound (D)
  A jelly (D)
  A hell rat (D)
  A gnoll (D)
  2 river rats (D)
  A white imp (D)
  An adder zombie (D)
  An adder skeleton (D)
  An orc (D)
  A ball python (D)
  2 bat skeletons (D)
  An endoplasm (D)
  5 jackals (D)
  A kobold (D)
  2 quokkas (D)
  A goblin (D)
  A rat (D)
42 creatures vanquished.

Vanquished Creatures (collateral kills)
  2 death yaks (D)
  An orange demon (D)
  A demonic crawler (D)
  A komodo dragon (D)
  2 blink frogs (D)
  2 hornets (D)
  An air elemental (D)
  A redback (D)
  Eustachio (D)
  3 vampire mosquitoes (D)
  A warg (D)
  A black bear (D)
  An ogre (D)
  A gnoll sergeant (D)
  A wight (D)
  An orc priest (D)
  An iguana (D)
  An orc wizard (D)
  3 gnolls (D)
  3 orcs (D)
  A jackal (D)
30 creatures vanquished.

Grand Total: 72 creatures vanquished

Notes
Turn   | Place    | Note
-------+----------+-------------------------------------------
     0 | D        | gigimoi the Hill Orc Berserker began the quest for the Orb.
     0 | D        | Reached XP level 1. HP: 19/19 MP: 1/1
    26 | D        | Found a bloodstained altar of Trog.
    26 | D        | Found a shimmering blue altar of Sif Muna.
    26 | D        | Found a viscous altar of Jiyva.
    26 | D        | Found a hazy altar of Hepliaklqana.
    26 | D        | Found an opulent altar of Gozag.
    94 | D        | Found a glowing golden altar of the Shining One.
    94 | D        | Found a glowing silver altar of Zin.
    94 | D        | Found a basalt altar of Yredelemnul.
    94 | D        | Found a shimmering altar of Xom.
    94 | D        | Found an ornate altar of the Wu Jian Council.
    94 | D        | Found a sacrificial altar of Ru.
    94 | D        | Found a stormy altar of Qazlal.
    94 | D        | Found an iron altar of Okawaru.
    94 | D        | Found a sparkling altar of Nemelex Xobeh.
    94 | D        | Found a burning altar of Makhleb.
    94 | D        | Found a blossoming altar of Fedhas.
    94 | D        | Found a white marble altar of Elyvilon.
    94 | D        | Found a shadowy altar of Dithmenos.
    94 | D        | Found a snail-covered altar of Cheibriados.
   107 | D        | Reached ** piety under Trog
   108 | D        | Reached skill level 1 in Long Blades
   108 | D        | Reached XP level 2. HP: 24/27 MP: 2/2
   143 | D        | Reached *** piety under Trog
   387 | D        | Reached skill level 5 in Axes
   387 | D        | Reached XP level 3. HP: 13/35 MP: 3/3
   590 | D        | Found a radiant altar of Vehumet.
   590 | D        | Found a corrupted altar of Lugonu.
   590 | D        | Found a roughly hewn altar of Beogh.
   591 | D        | Found an ancient bone altar of Kikubaaqudgha.
   591 | D        | Found a hide-covered altar of Uskayaw.
   591 | D        | Found a broken altar of Ashenzari.
   635 | D        | Noticed a gnoll sergeant
   649 | D        | Reached **** piety under Trog
   650 | D        | Reached skill level 5 in Fighting
   650 | D        | Reached skill level 6 in Axes
   652 | D        | Reached XP level 4. HP: 38/42 MP: 4/4
   654 | D        | Reached skill level 7 in Axes
   656 | D        | Killed a gnoll sergeant
   657 | D        | Reached skill level 8 in Axes
   657 | D        | Reached skill level 5 in Armour
   657 | D        | Reached XP level 5. HP: 36/51 MP: 5/5
   673 | D        | Noticed a black bear
   676 | D        | Killed a black bear
   677 | D        | Reached skill level 10 in Axes
   677 | D        | Reached XP level 6. HP: 59/60 MP: 6/6
   715 | D        | Reached ***** piety under Trog
   716 | D        | Reached skill level 5 in Dodging
   716 | D        | Noticed Pargi
   762 | D        | Killed Pargi
   763 | D        | Reached skill level 11 in Axes
  1094 | D        | Noticed an orange demon
  1101 | D        | Killed an orange demon
  1102 | D        | Reached skill level 13 in Axes
  1102 | D        | Reached XP level 7. HP: 70/70 MP: 7/7
  1151 | D        | Received a gift from Trog
  1223 | D        | Noticed a blink frog
  1223 | D        | Noticed a blink frog
  1223 | D        | Noticed a blink frog
  1226 | D        | Killed a blink frog
  1227 | D        | Reached skill level 10 in Fighting
  1227 | D        | Reached skill level 14 in Axes
  1227 | D        | Reached XP level 8. HP: 79/79 MP: 8/8
  1227 | D        | Killed a blink frog
  1229 | D        | Killed a blink frog
  1230 | D        | Reached skill level 15 in Axes
  1553 | D        | Noticed a hornet
  1555 | D        | Killed a hornet
  1560 | D        | Reached skill level 16 in Axes
  1560 | D        | Reached skill level 10 in Armour
  1560 | D        | Reached XP level 9. HP: 89/89 MP: 9/9
  1565 | D        | Noticed a sea snake
  1573 | D        | Killed a sea snake
  1574 | D        | Reached skill level 17 in Axes
  1806 | D        | Noticed a komodo dragon
  1811 | D        | Killed a komodo dragon
  1818 | D        | Noticed a demonic crawler
  1819 | D        | Killed a demonic crawler
  1820 | D        | Reached skill level 18 in Axes
  1871 | D        | Noticed a gargoyle
  1873 | D        | Killed a gargoyle
  1874 | D        | Reached XP level 10. HP: 96/100 MP: 10/10
  1906 | D        | Paralysed by an air elemental for 1 turns
  1910 | D        | Paralysed by an air elemental for 1 turns
  1923 | D        | Received a gift from Trog
  2109 | D        | Noticed a phantasmal warrior
  2110 | D        | Noticed a black mamba
  2113 | D        | Killed a phantasmal warrior
  2114 | D        | Reached skill level 19 in Axes
  2115 | D        | Killed a black mamba
  2221 | D        | Noticed Eustachio
  2221 | D        | Noticed a death yak
  2221 | D        | Noticed a death yak
  2225 | D        | Killed a death yak
  2227 | D        | Reached skill level 20 in Axes
  2227 | D        | Killed Eustachio
  2227 | D        | Received a gift from Trog
  2229 | D        | Killed a death yak
  2230 | D        | Reached skill level 10 in Dodging
  2476 | D        | Noticed an orc knight
  2476 | D        | Noticed a kobold demonologist
  2477 | D        | Noticed a kobold demonologist
  2480 | D        | Noticed a rust devil
  2480 | D        | Noticed a kobold demonologist
  2481 | D        | Reached XP level 11. HP: 111/111 MP: 11/11
  2486 | D        | Reached skill level 21 in Axes
  2496 | D        | Received a gift from Trog
  2505 | D        | Slain by a red devil

Illustrated notes

Levels and vault maps discovered:
D:        pitsprint [storerooms_1, entrance_room_1, metal_vault_6, armoury_2,
          mini_pit_1, grid_room_1, main_hall_1, silver_pit, the_coven_1,
          the_vestibule_1, steel_vault_1, golden_pit, hallway_of_sentries,
          crystal_vault_2, iron_vault_1, final_vault]

Skill      XL: |  1  2  3  4  5  6  7  8  9 10 11 |
---------------+----------------------------------+-----
Fighting       | 4 5 6 7 9 10 11 12 14 | 14.7
Dodging        | 2 3 4 6 7 8 10 | 10.4
Long Blades    | 1 2 |  2.1
Armour         | 3 4 5 6 8 10 11 13 | 13.4
Axes           | 5 6 8 10 13 14 16 18 20 21 | 21.3

Action                   |  1- 3 |  4- 6 |  7- 9 | 10-12 || total
-------------------------+-------+-------+-------+-------++-------
Melee: Hand axe          |    30 |    36 |    19 |       ||    85
       Falchion          |    19 |       |       |       ||    19
       Battleaxe         |       |       |    27 |     7 ||    34
       Executioner's axe |       |       |       |    24 ||    24
Invok: Brothers in Arms  |     1 |     1 |     5 |     5 ||    12
       Trog's Hand       |     1 |     1 |       |     1 ||     3
       Berserk           |       |     2 |     1 |     1 ||     4
 Stab: Sleeping          |     1 |       |       |       ||     1
Armor: Animal skin       |     6 |       |       |       ||     6
       Chain mail        |     8 |    31 |    24 |     7 ||    70
Dodge: Dodged            |    24 |    15 |    19 |    37 ||    95

Table legend: (Time is in decaauts)
 A = Elapsed time spent in this place.
 B = Non-inter-level travel time spent in this place.
 C = Inter-level travel time spent in this place.
 D = Time resting spent in this place.
 E = Time spent auto-exploring this place.
 F = Levels seen in this place.
 G = Mean time per level.
                   A        B        C        D        E       F      G
               +--------+--------+--------+--------+--------+-----+--------+
         Total |   2519 |   2247 |    272 |   1638 |    142 |   1 | 2519.0 |
       Dungeon |   2519 |   2247 |    272 |   1638 |    142 |   1 | 2519.0 |
               +--------+--------+--------+--------+--------+-----+--------+

Top non-repeatable levels by time:
       D: 2519 daAuts
